 Dungeon Crawl Stone Soup version 0.30-a0-989-g0d87f670db (webtiles) character file.

Game seed: 4254443464549987240

76 kklluuttzz the Vexing (level 4, 0/33 HPs)
             Began as a Formicid Hexslinger on June 11, 2022.
             Blown up by Ijyb (11 damage)
             ... with a mindburst bolt
             ... on level 3 of the Dungeon on Apr 3, 2023.
             The game lasted 00:05:08 (2063 turns).

kklluuttzz the Vexing (Formicid Hexslinger)         Turns: 2063, Time: 00:05:09

Health: 0/33       AC:  4    Str: 12    XL:     4   Next: 57%
Magic:  5/6        EV: 12    Int: 17    God:
Gold:   115        SH:  0    Dex: 19    Spells: 5/6 levels left

rFire   . . .      SeeInvis +    a - +0 hand crossbow
rCold   + . .      Faith    .    (no shield)
rNeg    + . .      Spirit   .    j - +0 robe
rPois   .          Reflect  .    (helmet unavailable)
rElec   .          Rampage  .    (no cloak)
rCorr   .                        q - +1 pair of gloves of the Equator {rN+ Str-2 Int+4}
Will    .....                    (no boots)
Stlth   ++                       (no amulet)
HPRegen 0.25/turn                n - +6 ring of dexterity
MPRegen 0.10/turn                m - ring of protection from cold

@: no status effects
A: permanent stasis, dig shafts and tunnels, antennae 3, four strong arms
a: Dig, Shaft Self


You were on level 3 of the Dungeon.
You visited 1 branch of the dungeon, and saw 3 of its levels.

You collected 115 gold pieces.

Inventory:

Hand Weapons
 a - a +0 hand crossbow (weapon)
 b - a +1 dagger of electrocution
 p - a +5 dagger
Missiles
 f - a throwing net
Armour
 j - a +0 robe (worn)
 q - the +1 pair of gloves of the Equator (worn) {rN+ Str-2 Int+4}
   (You found it on level 3 of the Dungeon)

   Str:       It affects your strength (-2).
   Int:       It affects your intelligence (+4).
   rN:        It protects you from negative energy.
 s - a +0 kite shield
Jewellery
 i - a ring of positive energy
 m - a ring of protection from cold (right hand)
 n - a +6 ring of dexterity (left hand)
Scrolls
 c - a scroll of vulnerability
 e - 2 scrolls of fear {unknown}
 g - 2 scrolls of poison {unknown}
 h - a scroll of immolation {unknown}
 k - 2 scrolls of identify {unknown}
 l - a scroll of blinking {unknown}
 r - a scroll of amnesia {unknown}
Potions
 d - 2 potions of degeneration {unknown}
 o - a potion of haste {unknown}


   Skills:
 - Level 1.6 Fighting
 + Level 3.1 Ranged Weapons
 - Level 2.1 Dodging
 - Level 1.5 Spellcasting
 + Level 4.5 Hexes


You had 5 spell levels left.
You knew the following spells:

 Your Spells              Type           Power      Damage    Failure   Level
a - Slow                  Hex            64%        N/A       3%          1

Your spell library contained the following spells:

 Spells                   Type           Power      Damage    Failure   Level
 Inner Flame              Hex/Fire       8%         N/A       24%         3
 Portal Projectile        Hex/Tloc       16%        N/A       24%         3
 Cause Fear               Hex            8%         N/A       32%         4


Dungeon Overview and Level Annotations

Branches:
Dungeon (3/15)

Altars:

Annotations:
D:3 Ijyb


Innate Abilities, Weirdness & Mutations

You cannot be hasted, slowed, berserked, paralysed or teleported.
You can dig through walls and to a lower floor.
You have a pair of large antennae on your head. (SInv)
Your four strong arms can wield two-handed weapons with a shield.


Message History

Fire: a) +0 hand crossbow
Press: ? - help, Q - select action, (/) - cycle Shift-Dir - straight line, f/p - Ijyb
Aim: Ijyb, wielding a +0 dagger, wearing a +0 leather armour and carrying a wand of mindburst (8) (moderately wounded, slow, 56% to hit)
You shoot a bolt. The bolt misses Ijyb.
Ijyb hits you with a +0 dagger.
Fire: a) +0 hand crossbow
Press: ? - help, Q - select action, (/) - cycle Shift-Dir - straight line, f/p - Ijyb
Aim: Ijyb, wielding a +0 dagger, wearing a +0 leather armour and carrying a wand of mindburst (8) (moderately wounded, slow, 56% to hit)
You shoot a bolt. The bolt hits Ijyb but does no damage.
Ijyb is moderately wounded.
Ijyb closely misses you.
Fire: a) +0 hand crossbow
Press: ? - help, Q - select action, (/) - cycle Shift-Dir - straight line, f/p - Ijyb
Aim: Ijyb, wielding a +0 dagger, wearing a +0 leather armour and carrying a wand of mindburst (8) (moderately wounded, slow, 56% to hit)
You shoot a bolt. The bolt hits Ijyb!
Ijyb is severely wounded.
Ijyb is no longer moving slowly.
Ijyb barely misses you.
Fire: a) +0 hand crossbow
Press: ? - help, Q - select action, (/) - cycle Shift-Dir - straight line, f/p - Ijyb
Aim: Ijyb, wielding a +0 dagger, wearing a +0 leather armour and carrying a wand of mindburst (8) (severely wounded, 56% to hit)
You shoot a bolt. The bolt closely misses Ijyb.
Ijyb misses you. Ijyb barely misses you.
Fire: a) +0 hand crossbow
Press: ? - help, Q - select action, (/) - cycle Shift-Dir - straight line, f/p - Ijyb
Aim: Ijyb, wielding a +0 dagger, wearing a +0 leather armour and carrying a wand of mindburst (8) (severely wounded, 56% to hit)
You shoot a bolt. The bolt hits Ijyb but does no damage.
Ijyb is severely wounded.
Ijyb zaps a wand.
You barely resist. Ijyb hits you but does no damage.
Fire: a) +0 hand crossbow
Press: ? - help, Q - select action, (/) - cycle Shift-Dir - straight line, f/p - Ijyb
Aim: Ijyb, wielding a +0 dagger, wearing a +0 leather armour and carrying a wand of mindburst (7) (severely wounded, 56% to hit)
You shoot a bolt. The bolt closely misses Ijyb.
Ijyb closely misses you.
Fire: a) +0 hand crossbow
Press: ? - help, Q - select action, (/) - cycle Shift-Dir - straight line, f/p - Ijyb
Aim: Ijyb, wielding a +0 dagger, wearing a +0 leather armour and carrying a wand of mindburst (7) (severely wounded, 56% to hit)
You shoot a bolt. The bolt hits Ijyb.
Ijyb is severely wounded.
Ijyb hits you with a +0 dagger.
Ijyb zaps a wand.
Your mind is blasted!
You die...

.# .. #.# ..#
..# ..#
######g.#
#....@..#
#.####.## #.#
.# #.# ..
#.####.#######.
#..............
######.########
#.# #.#


You could see Ijyb.

Vanquished Creatures
  A gnoll (D:1)
  A worm (D:2)
  3 dart slugs
  4 orcs (D:2)
  3 endoplasms (D:2)
  3 giant cockroaches
  A hobgoblin (D:2)
  8 jackals (D:1)
  4 kobolds
  A quokka (D:2)
  4 ball pythons
  3 bats
  A frilled lizard (D:1)
  6 goblins
  7 rats
50 creatures vanquished.

Vanquished Creatures (others)
  4 fungi (D:1)
4 creatures vanquished.

Grand Total: 54 creatures vanquished

Notes
Turn   | Place    | Note
-------+----------+-------------------------------------------
     0 | D:1      | kklluuttzz the Formicid Arcane Marksman began the quest for
                  | the Orb.
     0 | D:1      | Reached XP level 1. HP: 15/15 MP: 2/2
    14 | D:1      | Upgraded the game from 0.29-a0-563-g64e4043184 to
                  | 0.30-a0-989-g0d87f670db
   184 | D:1      | Reached XP level 2. HP: 21/21 MP: 3/3
   390 | D:1      | Reached XP level 3. HP: 26/26 MP: 1/5
   437 | D:1      | Reached skill level 4 in Hexes
   720 | D:1      | Found a faded altar of an unknown god.
  1089 | D:2      | Reached XP level 4. HP: 33/33 MP: 6/6
  1867 | D:3      | Identified the +1 pair of gloves of the Equator {rN+ Str-2
                  | Int+4}
  2050 | D:3      | Noticed Ijyb
  2063 | D:3      | Blown up by Ijyb

Illustrated notes

Levels and vault maps discovered:
D:1:      noname_arrival_rooms_in_the_neighbourhood, layout_basic,
          dreamdust_ecumenical_altar_angels_and_demons,
          dreamdust_mushroom_princess
D:2:      layout_basic
D:3:      layout_basic, grunt_ministairs_1, minmay_misc_feat_square,
          minivault_11, minmay_fountain_box, dreamdust_princess_corridor,
          uniq_ijyb, uniq_natasha

Skill      XL: |  1  2  3  4 |
---------------+-------------+-----
Ranged Weapons | 2 3 |  3.1
Crossbows      | 3 |  0.0
Dodging        | 2 |  2.1
Hexes          | 4 |  4.5
Fighting       | |  1.6
Spellcasting   | |  1.5

Action                     |  1- 3 |  4- 6 || total
---------------------------+-------+-------++-------
   Fire: Hand crossbow     |    70 |    51 ||   121
   Cast: Slow              |     9 |     4 ||    13
 Armour: Robe              |    12 |     3 ||    15
  Dodge: Dodged            |    38 |    17 ||    55

Table legend: (Time is in decaauts)
 A = Elapsed time spent in this place.
 B = Non-inter-level travel time spent in this place.
 C = Inter-level travel time spent in this place.
 D = Time resting spent in this place.
 E = Time spent auto-exploring this place.
 F = Levels seen in this place.
 G = Mean time per level.
                   A        B        C        D        E       F      G
               +--------+--------+--------+--------+--------+-----+--------+
         Total |   2153 |   2025 |    128 |    169 |   1483 |   3 |  717.7 |
       Dungeon |   2153 |   2025 |    128 |    169 |   1483 |   3 |  717.7 |
               +--------+--------+--------+--------+--------+-----+--------+

Top non-repeatable levels by time:
     D:2: 986 daAuts
     D:1: 897 daAuts
     D:3: 270 daAuts
